 Dungeon Crawl Stone Soup version 0.14-a0-3315-g09e681a (webtiles) character file.

81952 MirrMurr the Unseen (level 15, -1/79 HPs)
             Began as a Spriggan Enchanter on Mar 12, 2014.
             Was the Champion of Ashenzari.
             Slain by an alligator (9 damage)
             ... on Level 4 of the Swamp on Mar 15, 2014.
             The game lasted 02:16:49 (29098 turns).

MirrMurr the Unseen (Spriggan Enchanter)           Turns: 29098, Time: 02:16:49

HP  -1/79        AC  8     Str  9      XL: 15   Next: 25%
MP  32/38        EV 31     Int 22      God: Ashenzari [******]
Gold 958         SH  0     Dex 25      Spells: 11 memorised,  1 level left

rFire  + + +     SeeInvis +     a - +6 dagger of the Lost Suns {stab, rN+ Dex+3 Int+2}
rCold  + . .     Clarity  +     K - +2 robe {Archmagi} (curse)
rNeg   + . .     Conserve +     (shield restricted)
rPois  .         rCorr    .     l - +2 hat (curse)
rElec  +         rRot     .     z - +1 cloak (curse)
SustAb . .       Spirit   .     (gloves unavailable)
rMut   .         Warding  .     (boots unavailable)
Saprov . . .     Stasis   .     S - cursed amulet of Throuzeh {Cons rElec rF++ rC+}
MR     ++...                    T - cursed ring of Honutir {rF+ Dex+4}
                                J - cursed +3 ring of intelligence

@: repel missiles, flying, very slightly contaminated, very quick, very
resistant to hostile enchantments, incredibly stealthy
A: unfitting armour, see invisible, herbivore 3, speed 3, slow metabolism 2
a: Scrying, Transfer Knowledge, Renounce Religion


You were on level 4 of the Swamp.
You worshipped Ashenzari.
Ashenzari was exalted by your worship.
You were not hungry.

You visited 5 branches of the dungeon, and saw 27 of its levels.
You also visited: Ossuary.

You collected 2973 gold pieces.
You spent 2015 gold pieces at shops.

Inventory:

Hand weapons
 a - the cursed +6,+6 dagger of the Lost Suns (weapon) {stab, rN+ Dex+3 Int+2}
   (You found it on level 2 of the Lair of Beasts)

   It inflicts extra damage upon your enemies.
   It affects your intelligence (+2).
   It affects your dexterity (+3).
   It protects you from negative energy.
   It has a curse placed upon it.
Armour
 l - a cursed +2 hat (worn)
 z - a cursed +1 cloak (worn)
 K - a cursed +2 robe of the Archmagi (worn)
Magical devices
 f - a wand of fire (1)
 k - a wand of cold (7)
 s - a wand of polymorph (17)
 t - a wand of lightning (3)
 u - a wand of digging (3)
 D - a wand of cold (7)
Comestibles
 g - a pear
 w - 27 strawberries
 y - 2 bread rations
 C - an apple
 N - a choko
Scrolls
 d - a scroll of curse weapon
 i - 4 scrolls of identify
 m - 3 scrolls of remove curse
 p - a scroll of summoning {unknown}
 q - 2 scrolls of enchant weapon II
 r - 5 scrolls of magic mapping
 v - 2 scrolls of blinking
 x - 2 scrolls of teleportation
 F - a scroll of fog
 O - 2 scrolls of recharging
 Q - a scroll of fear
Jewellery
 b - a +2 ring of evasion
 J - a cursed +3 ring of intelligence (left hand)
 S - the cursed amulet of Throuzeh (around neck) {Cons rElec rF++ rC+}
   (You bought it in a shop on level 4 of the Orcish Mines)

   [amulet of conservation]

   It greatly protects you from fire.
   It protects you from cold.
   It insulates you from electricity.
   It has a curse placed upon it.
 T - the cursed ring of Honutir (right hand) {rF+ Dex+4}
   (You bought it in a shop on level 4 of the Orcish Mines)

   [ring of dexterity]

   It affects your dexterity (+4).
   It protects you from fire.
   It has a curse placed upon it.
Potions
 c - a potion of magic
 e - a potion of porridge
 h - 3 potions of heal wounds
 j - a potion of brilliance
 n - 2 potions of might
 o - 2 potions of curing
 A - 3 potions of restore abilities
 B - a potion of agility
 E - a potion of haste
 L - a potion of invisibility
 R - a potion of resistance


   Skills:
 + Level 9.0 Fighting
 - Level 6.4(11.0) Short Blades
 - Level 1.1 Throwing
 - Level 6.5(11.0) Dodging
 - Level 19.5(23.1) Stealth
 - Level 14.0 Spellcasting
 - Level 3.7(7.8) Conjurations
 - Level 12.2(16.3) Hexes
 - Level 12.6(16.7) Charms
 - Level 6.4(11.0) Translocations
 - Level 3.5(7.5) Poison Magic
 - Level 8.7(13.1) Evocations


You had one spell level left.
You knew the following spells:

 Your Spells              Type           Power        Failure   Level  Hunger
a - Ensorcelled Hibernat  Hex/Ice        ######       1%          2    None
b - Confuse               Hex            #######.     0%          3    None
c - Conjure Flame         Conj/Fire      ######..     1%          3    None
f - Flight                Chrm/Air       ######....   1%          3    None
h - Haste                 Chrm           #######.     1%          6    #####..
i - Invisibility          Hex            #######.     1%          6    #####..
m - Mephitic Cloud        Conj/Pois/Air  ######..     1%          3    None
p - Poisonous Cloud       Conj/Pois/Air  ######....   78%         6    #####..
r - Repel Missiles        Chrm/Air       ######       1%          2    None
s - Shroud of Golubria    Chrm/Tloc      #######...   1%          2    None
P - Ignite Poison         Fire/Trmt      ####......   85%         5    ##.....


Dungeon Overview and Level Annotations

Branches:
Dungeon (10/15)            Temple (1/1) D:4             Orc (4/4) D:10
    Elf (0/3) Orc:3          Lair (8/8) D:8           Swamp (4/5) Lair:4
 Spider (0/5) Lair:6        Slime (0/6) Lair:7

Altars:
Ashenzari
Cheibriados
Dithmenos
Elyvilon
Fedhas
Kikubaaqudgha
Makhleb
Nemelex Xobeh
Okawaru
Sif Muna
Trog
Vehumet
Xom
Yredelemnul
Zin
The Shining One
Beogh

Shops:
D:4 (   D:8 }   D:10 ?   Orc:4 %(*}=}(

Annotations:
Orc:4 food
Lair:2 Gastronok


Innate Abilities, Weirdness & Mutations

You are tiny and cannot use many weapons and most armour.
You have supernaturally acute eyesight.
You are a herbivore.
You cover ground extremely quickly.
You need consume almost no food.


Message History

You feel a surge of power!
The baby alligator is unaffected.
The alligator bites you! The alligator closely misses you.
The baby alligator closely misses you. The baby alligator bites you.
The alligator completely misses you. The alligator tail-slaps you.
Casting: Ensorcelled Hibernation
Confirm with . or Enter, or press ? or * to list all spells.
You feel a surge of power!
You feel more buoyant. The alligator bites you!
* * * LOW HITPOINT WARNING * * *
The alligator closely misses you. The six-headed hydra misses you.
The six-headed hydra misses you.
Your shroud bends the six-headed hydra's attack away!
Found a +0,+2 hand axe.
The alligator bites you!
* * * LOW HITPOINT WARNING * * *
Your shroud falls apart!
The alligator misses you.
Found a scroll of identify.
The baby alligator completely misses you.
The alligator completely misses you. The alligator tail-slaps you!
You die...

,≈≈≈≈≈ ≈≈♣ ♣♣?≈≈≈,, ≈ * * ≈
*∆≈≈≈♣ ♣♣♣.≈≈≈≈≈≈ **** ***
* ≈..♣♣♣♣§..≈≈≈≈≈** ***
♣♣.≈♣....≈≈≈.).♣ ♣♣♣ ♣ ,
*♣.≈.≈≈≈≈≈≈≈≈...♣♣ *♣♣§♣♣≈
≈ ,
≈.≈..≈≈≈≈...≈§≈≈♣♣♣♣♣......
, ≈..≈≈≈...≈≈≈≈.♣♣).≈...≈≈≈
,≈ ≈
♣≈≈≈≈≈.§≈≈≈≈≈≈..≈≈♣♣♣.≈≈≈
,≈ ≈
*♣♣<≈≈≈≈≈≈@t≈t≈≈≈≈≈≈≈≈≈.≈≈≈
* **
♣♣.≈≈...≈≈.≈tD≈§≈≈≈≈....≈≈≈
*
♣≈.≈≈♣..≈≈≈≈≈≈≈....§≈≈≈..≈≈
≈ {**
♣♣...♣≈....≈≈.≈≈≈..≈≈≈≈≈≈♣.
≈≈
♣♣..≈≈≈≈♣♣♣♣.≈≈..≈≈≈≈≈≈≈..
, ,∆***
♣..≈≈≈..≈♣♣♣...≈.≈.≈≈....
≈**♣♣.≈≈≈≈..♣
♣♣..≈≈.≈♣♣≈≈≈. * {≈
,,♣*♣)≈≈≈≈.♣♣
♣♣.≈≈≈≈..♣♣.≈≈ ≈≈≈
≈≈♣♣♣.≈≈..♣ ♣♣≈≈≈≈≈≈..≈♣..≈


You could see an alligator, a six-headed hydra and 2 baby alligators.

Vanquished Creatures
  The ghost of playerghost the Severer, a powerful HOFi of Beogh (Swamp:2)
  The ghost of 4tharraofdagon the Ripper, a powerful FeMo of Cheibriados (Lair:6)
  A stone giant (Orc:3)
  13 hydras
  A shambling mangrove (Swamp:4)
  Erica (Lair:2)
  A deep troll shaman (Lair:8)
  14 death yaks
  2 alligators
  3 orc high priests (Orc:4)
  A catoblepas (Lair:8)
  Nergalle (Lair:4)
  An orb spider (Lair:6)
  Erolcha (Orc:3)
  2 hill giants (D:10)
  3 swamp dragons
  A lindwurm (Lair:8)
  7 orc knights
  4 orc sorcerers
  A griffon (Lair:7)
  6 elephants
  2 red wasps
  3 black mambas (Lair:7)
  A feature mimic (Lair:4)
  Psyche (Orc:3)
  2 vapours (Swamp:1)
  A fire drake (Lair:6)
  A queen ant (D:9)
  12 spiny frogs
  4 giant leeches
  Sonja (D:10)
  5 komodo dragons
  4 slime creatures
  A boulder beetle (Lair:8)
  12 ravens
  8 bog bodies
  4 basilisks
  14 blink frogs
  The ghost of Psiweapon the Bolt Thrower, an average KoHu (D:4)
  25 yaks
  A shark (Lair:5)
  A wyvern (Lair:5)
  2 elephant slugs
  A wraith (D:9)
  Eustachio (D:8)
  Grum (Orc:4)
  A hill giant skeleton (D:9)
  A hungry ghost (D:8)
  4 ugly things (D:10)
  6 hippogriffs
  A gargoyle (D:10)
  17 swamp worms
  20 wolves
  Edmund (D:5)
  7 wargs
  20 soldier ants (D:9)
  3 swamp drakes
  11 water moccasins
  2 ice beasts
  6 black bears
  9 ogres
  3 giant goldfish
  9 porcupines
  24 orc warriors
  4 centaurs
  6 crocodiles
  Sigmund (D:7)
  10 giant slugs
  A boring beetle (Lair:7)
  Blork the orc (D:7)
  4 insubstantial wisps (Swamp:1)
  16 giant frogs
  2 scorpions
  A hippogriff skeleton (D:6)
  A troll skeleton (D:9)
  An electric eel (Lair:4)
  2 pulsating lumps (Lair:7)
  A crimson imp (D:8)
  2 human zombies (Ossuary)
  26 orc priests
  5 big fish
  3 jellies
  23 worker ants
  7 iguanas
  31 orc wizards
  Natasha (thrice) (D:3)
  A black bear skeleton (D:6)
  5 hounds
  A big kobold zombie (Ossuary)
  A killer bee zombie (D:6)
  Ijyb (D:7)
  5 mummies (Ossuary)
  A hound skeleton (D:4)
  22 adders
  3 gnolls (D:3)
  16 green rats
  2 giant mites
  4 worms
  A giant eyeball (D:4)
  5 giant geckos
  An ooze (D:4)
  138 orcs
  A ball python (D:3)
  A bat zombie (D:7)
  5 giant cockroaches
  A gnoll zombie (D:8)
  19 hobgoblins
  36 jackals
  11 kobolds
  11 quokkas
  22 bats
  A giant newt (D:2)
  A giant newt skeleton (D:4)
  22 goblins
  2 hobgoblin zombies (Ossuary)
  2 kobold zombies (Ossuary)
  4 orc zombies
  A quokka skeleton (D:9)
  A quokka zombie (D:4)
  16 rats
  A rat skeleton (D:6)
  A rat zombie (D:4)
  A fungus (Lair:8)
  A plant (Lair:7)
839 creatures vanquished.

Vanquished Creatures (others)
  An orc wizard (Orc:2)
  3 orcs
  2 fungi
  3 plants
9 creatures vanquished.

Grand Total: 848 creatures vanquished

Notes
Turn   | Place    | Note
--------------------------------------------------------------
     0 | D:1      | MirrMurr, the Spriggan Enchanter, began the quest for the Orb.
     0 | D:1      | Reached XP level 1. HP: 9/9 MP: 4/4
   511 | D:1      | Reached skill level 4 in Stealth
   721 | D:2      | Reached XP level 2. HP: 13/13 MP: 7/7
   725 | D:2      | Learned a level 2 spell: Ensorcelled Hibernation
   776 | D:2      | Reached skill level 5 in Stealth
   793 | D:2      | Reached XP level 3. HP: 9/16 MP: 0/9
   802 | D:2      | Learned a level 3 spell: Confuse
  1710 | D:2      | Reached skill level 6 in Stealth
  1958 | D:3      | Reached XP level 4. HP: 3/21 MP: 0/12
  2232 | D:3      | Noticed Natasha
  2236 | D:3      | Killed Natasha
  2246 | D:3      | Noticed Natasha
  2251 | D:3      | Killed Natasha
  2265 | D:3      | Reached XP level 5. HP: 22/24 MP: 12/14
  2343 | D:3      | Noticed Natasha
  2348 | D:3      | Killed Natasha
  2419 | D:3      | Reached skill level 7 in Stealth
  2945 | D:3      | Found a radiant altar of Vehumet.
  3015 | D:3      | Found a white marble altar of Elyvilon.
  3397 | D:4      | Noticed Psiweapon's ghost (average KoHu)
  3445 | D:4      | Reached XP level 6. HP: 26/28 MP: 17/17
  3471 | D:4      | Found a staircase to the Ecumenical Temple.
  3477 | Temple   | Entered the Ecumenical Temple
  3497 | Temple   | Became a worshipper of Ashenzari the Shackled
  3506 | Temple   | Learned a level 2 spell: Repel Missiles
  3575 | D:4      | Reached skill level 8 in Stealth
  4408 | D:4      | Found a sand-covered staircase.
  4424 | Ossuary  | Entered an ossuary
  4548 | Ossuary  | Reached skill level 5 in Short Blades
  4548 | Ossuary  | Reached skill level 9 in Stealth
  4548 | Ossuary  | Reached XP level 7. HP: 8/32 MP: 0/20
  5438 | D:4      | Found Irchaofugo's Antique Weapon Emporium.
  5447 | D:4      | Bought a glowing dagger for 52 gold pieces
  5603 | D:4      | Killed Psiweapon's ghost
  5633 | D:3      | Found a blossoming altar of Fedhas.
  5694 | D:5      | Entered Level 5 of the Dungeon
  5718 | D:5      | Learned a level 2 spell: Shroud of Golubria
  5735 | D:5      | Reached skill level 10 in Stealth
  5767 | D:5      | Acquired Ashenzari's first power
  5791 | D:5      | Noticed Edmund
  5819 | D:5      | Killed Edmund
  5819 | D:5      | Reached XP level 8. HP: 29/36 MP: 8/23
  6259 | D:6      | Reached skill level 5 in Spellcasting
  6505 | D:6      | Reached skill level 11 in Stealth
  6973 | D:6      | Reached skill level 5 in Hexes
  7218 | D:7      | Acquired Ashenzari's second power
  7229 | D:7      | Noticed Ijyb
  7238 | D:7      | Killed Ijyb
  7309 | D:7      | Noticed Sigmund
  7403 | D:7      | Killed Sigmund
  7462 | D:7      | Noticed Blork the orc
  7469 | D:7      | Killed Blork the orc
  7677 | D:8      | Found a staircase to the Lair.
  7678 | D:8      | Noticed a death yak
  7680 | D:8      | Noticed a death yak
  7717 | D:8      | Reached XP level 9. HP: 34/39 MP: 24/27
  7725 | D:8      | Reached skill level 12 in Stealth
  7869 | D:8      | Reached skill level 1 in Charms
  8153 | D:8      | Found Cikil's Gadget Shoppe.
  8270 | D:8      | Acquired Ashenzari's third power
  8328 | D:8      | Noticed Eustachio
  8341 | D:8      | Killed Eustachio
  8341 | D:8      | Reached skill level 13 in Stealth
  8369 | D:8      | Gained mutation: Your body is slowly deteriorating. [potion of mutation]
  8369 | D:8      | Gained mutation: Armour fits poorly on your strangely shaped body. [potion of mutation]
  8369 | D:8      | Gained mutation: You have large cloven feet. [potion of mutation]
  8410 | D:8      | Lost mutation: Your body is slowly deteriorating. [potion of cure mutation]
  8410 | D:8      | Lost mutation: Armour fits poorly on your strangely shaped body. [potion of cure mutation]
  8410 | D:8      | Lost mutation: You have large cloven feet. [potion of cure mutation]
  8412 | D:8      | Paralysed by a potion of paralysis for 2 turns
  8653 | D:8      | Reached skill level 5 in Charms
  8892 | Lair:1   | Entered Level 1 of the Lair of Beasts
  9000 | Lair:1   | Reached XP level 10. HP: 30/44 MP: 20/28
  9341 | Lair:1   | Reached skill level 10 in Hexes
 10114 | Lair:1   | Reached skill level 14 in Stealth
 10343 | Lair:1   | HP: 2/44 [yak (11)]
 10964 | Lair:2   | Noticed Gastronok
 11117 | Lair:2   | Noticed a seven-headed hydra
 11133 | Lair:2   | Killed a seven-headed hydra
 11133 | Lair:2   | Reached XP level 11. HP: 47/47 MP: 26/29
 11341 | Lair:2   | Noticed Erica
 11349 | Lair:2   | Killed Erica
 11599 | Lair:2   | Noticed an eight-headed hydra
 11613 | Lair:2   | Killed an eight-headed hydra
 11613 | Lair:2   | Reached skill level 15 in Stealth
 11667 | Lair:2   | Identified the +6,+6 dagger of the Lost Suns {stab, rN+ Dex+3 Int+2}
 11689 | Lair:2   | Noticed an elephant
 11690 | Lair:2   | Noticed an elephant
 11691 | Lair:2   | Noticed an elephant
 11697 | Lair:2   | Killed an elephant
 12002 | Lair:2   | Learned a level 6 spell: Invisibility
 12006 | Lair:2   | Learned a level 3 spell: Flight
 12037 | Lair:3   | Reached skill level 5 in Dodging
 12425 | Lair:2   | Identified a scroll of acquirement
 12459 | Lair:3   | Acquired Ashenzari's fourth power
 12672 | Lair:3   | Reached skill level 10 in Charms
 13271 | Lair:4   | Noticed Nergalle
 13279 | Lair:4   | Reached skill level 1 in Translocations
 13683 | Lair:4   | Reached skill level 16 in Stealth
 13718 | Lair:4   | Killed Nergalle
 13787 | Lair:4   | Reached XP level 12. HP: 51/51 MP: 32/32
 13926 | Lair:4   | Found a staircase to the Swamp.
 14552 | Lair:5   | Reached skill level 5 in Translocations
 14697 | Lair:5   | Noticed a five-headed hydra
 14704 | Lair:5   | Killed a five-headed hydra
 14704 | Lair:5   | Reached skill level 10 in Spellcasting
 14727 | Lair:5   | Learned a level 6 spell: Haste
 15490 | Lair:6   | Noticed a five-headed hydra
 15491 | Lair:6   | Killed a five-headed hydra
 15552 | Lair:6   | Noticed 4tharraofdagon's ghost (powerful FeMo)
 16494 | Lair:6   | Killed 4tharraofdagon's ghost
 16494 | Lair:6   | Reached skill level 17 in Stealth
 16581 | Lair:6   | Found a hole to the Spider Nest.
 16630 | Lair:6   | Identified a +0 rod of destruction (9/9)
 17186 | Lair:6   | Upgraded the game from 0.14-a0-3247-g5fd345f to 0.14-a0-3278-gb24e923
 17330 | Lair:7   | Reached skill level 5 in Evocations
 17344 | Lair:7   | Identified the cursed -4 plate armour "Sokiggur" {+Inv Dex-4}
 17366 | Lair:7   | Reached XP level 13. HP: 55/55 MP: 31/34
 17866 | Lair:7   | Noticed a six-headed hydra
 17867 | Lair:7   | Found a staircase to the Slime Pits.
 17868 | Lair:7   | Killed a six-headed hydra
 18205 | Lair:8   | Entered Level 8 of the Lair of Beasts
 18245 | Lair:8   | Identified the ring "Khynleo" {Fire rElec MR++}
 18271 | Lair:8   | Reached skill level 18 in Stealth
 18411 | Lair:8   | Upgraded the game from 0.14-a0-3278-gb24e923 to 0.14-a0-3294-g830ee6c
 19389 | Lair:8   | Got an uncursed fine turquoise ring
 19394 | Lair:8   | Identified the ring "Byogaym" {Hunger- rElec rC+ Str-1 Int+4} (You found it on level 8 of the Lair of Beasts)
 19689 | Lair:2   | Noticed an eight-headed hydra
 19696 | Lair:2   | Killed an eight-headed hydra
 19993 | Lair:2   | Learned a level 3 spell: Conjure Flame
 19997 | Lair:2   | Learned a level 3 spell: Mephitic Cloud
 20046 | D:8      | Killed a death yak
 20065 | D:8      | Killed a death yak
 20151 | D:8      | Reached skill level 1 in Conjurations
 20209 | D:9      | Reached skill level 1 in Poison Magic
 20226 | D:9      | Reached skill level 19 in Stealth
 20266 | D:9      | Reached XP level 14. HP: 57/59 MP: 37/37
 20725 | D:10     | Entered Level 10 of the Dungeon
 20725 | D:10     | Found Kemnoc's Magic Scroll Shoppe.
 20730 | D:10     | Bought a scroll of blinking for 105 gold pieces
 20730 | D:10     | Bought a scroll of identify for 28 gold pieces
 20730 | D:10     | Bought a scroll of identify for 28 gold pieces
 20730 | D:10     | Bought a scroll of identify for 28 gold pieces
 20730 | D:10     | Bought a scroll of identify for 28 gold pieces
 21018 | D:10     | Found a staircase to the Orcish Mines.
 21402 | D:10     | Noticed Sonja
 21410 | D:10     | Killed Sonja
 21729 | Orc:1    | Entered Level 1 of the Orcish Mines
 21742 | Orc:1    | Found a roughly hewn altar of Beogh.
 23093 | Orc:2    | Upgraded the game from 0.14-a0-3294-g830ee6c to 0.14-a0-3295-g3fd807f
 23789 | Orc:3    | Noticed Erolcha
 23848 | Orc:3    | Killed Erolcha
 23959 | Orc:3    | Found a staircase to the Elven Halls.
 24189 | Orc:3    | Noticed Psyche
 24195 | Orc:3    | Killed Psyche
 24453 | Orc:4    | Entered Level 4 of the Orcish Mines
 24453 | Orc:4    | Found Nevvan's Assorted Antiques.
 24473 | Orc:4    | Bought an embroidered robe for 17 gold pieces
 24474 | Orc:4    | Bought a glowing robe for 17 gold pieces
 24553 | Orc:4    | Found Kuacoash's Weapon Boutique.
 24665 | Orc:4    | Found Lusoobuh's Food Shop.
 24670 | Orc:4    | Reached skill level 1 in Fighting
 24821 | Orc:4    | Noticed Grum
 24833 | Orc:4    | Killed Grum
 25370 | Orc:4    | Found Ranul's Antique Weapon Boutique.
 25371 | Orc:4    | Found Haodeif's Gadget Shoppe.
 25701 | Orc:4    | Found Taxuop's Jewellery Shoppe.
 25966 | Orc:4    | Found Izucwug's Gadget Boutique.
 26036 | Orc:4    | Bought a runed dagger for 70 gold pieces
 26069 | Orc:4    | Bought the amulet of Throuzeh {Cons rElec rF++ rC+} for 1027 gold pieces
 26069 | Orc:4    | Bought the ring of Honutir {rF+ Dex+4} for 615 gold pieces
 26340 | Lair:2   | Learned a level 6 spell: Poisonous Cloud
 26346 | Lair:2   | Learned a level 5 spell: Ignite Poison
 26410 | Swamp:1  | Entered Level 1 of the Swamp
 26417 | Swamp:1  | Identified the +7,+0 morningstar "Twoeqees" {vamp, rElec rC+ SInv}
 26488 | Swamp:1  | Reached skill level 5 in Fighting
 26796 | Swamp:2  | Noticed playerghost's ghost (powerful HOFi)
 26908 | Swamp:1  | Identified the +1 leather armour of the Empire {rC+ Dam+4 SInv}
 27361 | Swamp:2  | Killed playerghost's ghost
 27615 | Swamp:2  | Reached XP level 15. HP: 54/75 MP: 31/38
 28991 | Swamp:4  | Upgraded the game from 0.14-a0-3295-g3fd807f to 0.14-a0-3315-g09e681a
 29098 | Swamp:4  | Slain by an alligator

Action                   |  1- 3 |  4- 6 |  7- 9 | 10-12 | 13-15 || total
-------------------------+-------+-------+-------+-------+-------++-------
Melee: Dagger            |    94 |   218 |   288 |   281 |   821 ||  1702
 Cast: Ensorcelled Hiber |    12 |    14 |    71 |   158 |   186 ||   441
       Confuse           |       |     8 |    13 |    14 |    20 ||    55
       Invisibility      |       |       |       |     3 |    13 ||    16
       Flight            |       |       |       |     2 |    20 ||    22
       Mephitic Cloud    |       |       |       |       |    59 ||    59
       Shroud of Golubri |       |       |       |       |     9 ||     9
       Conjure Flame     |       |       |       |       |     6 ||     6
       Repel Missiles    |       |       |       |       |     1 ||     1
Invok: Scrying           |       |       |       |       |     1 ||     1
Evoke: Wand              |     2 |       |     2 |     3 |     7 ||    14
  Use: Scroll            |     2 |     4 |    15 |    10 |    17 ||    48
       Potion            |       |       |    13 |     1 |     1 ||    15
 Stab: Sleeping          |    15 |    34 |    51 |   126 |   221 ||   447
       Confused          |       |     5 |     3 |     3 |    40 ||    51
       Distracted        |       |       |     5 |     6 |     2 ||    13
       Invisible         |       |       |       |     2 |    47 ||    49
